 Dungeon Crawl Stone Soup version 0.27-a0-96-gb51a1d6 (webtiles) character file.

Game seed: 891942752862321394

5 Matudinoluver the Grasshopper (level 1, 0/18 HPs)
             Began as a Ghoul Warper on Jan 19, 2021.
             Slain by a kobold (2 damage)
             ... on level 1 of the Dungeon.
             The game lasted 00:01:50 (102 turns).

Matudinoluver the Grasshopper (Ghoul Warper)         Turns: 102, Time: 00:01:50

Health: 0/18       AC:  3    Str: 14    XL:     1   Next: 80%
Magic:  2/2        EV: 11    Int:  8    God:
Gold:   15         SH:  0    Dex:  8    Spells: 3/3 levels left

rFire    . . .     SeeInvis .   a - +0 spear
rCold    + . .     Faith    .   (no shield)
rNeg     + + +     Spirit   .   b - +0 leather armour
rPois    ∞         Reflect  .   (no helmet)
rElec    .         Harm     .   (no cloak)
rCorr    .         Rampage  .   (no gloves)
Will     .....                  (no boots)
Stlth    +.........             (no amulet)
HPRegen  0.00/turn              (no ring)
MPRegen  0.08/turn              (no ring)

@: no status effects
A: claws 1, cold resistance 1, negative energy resistance 3, inhibited
regeneration, torment resistance, unbreathing
a: no special abilities


You were on level 1 of the Dungeon.
You visited 1 branch of the dungeon, and saw 1 of its levels.

You collected 15 gold pieces.

Inventory:

Hand Weapons
 a - a +0 spear (weapon)
 c - a +0 dagger
Missiles
 e - 3 boomerangs of dispersal (quivered)
Armour
 b - a +0 leather armour (worn)
Scrolls
 d - a scroll of blinking


   Skills:
 + Level 2.3 Fighting
 + Level 1.7 Polearms
 + Level 1.1 Throwing
 + Level 0.8 Armour
 + Level 1.7 Dodging
 + Level 1.9 Spellcasting
 + Level 2.7 Translocations


You had 3 spell levels left.
You didn't know any spells.
Your spell library contained the following spells:

 Spells                   Type           Power        Failure   Level
 Blink                    Tloc           N/A          22%         2
 Gell's Gravitas          Tloc           2%           41%         3
 Lesser Beckoning         Tloc           2%           41%         3
 Teleport Other           Tloc           5%           41%         3
 Passage of Golubria      Tloc           N/A          82%         4


Dungeon Overview and Level Annotations

Branches:
Dungeon (1/15)

Altars:


Innate Abilities, Weirdness & Mutations

You thrive by killing the living.
You are immune to poison.
You have sharp fingernails.
Your flesh is cold resistant. (rC+)
You are immune to negative energy. (rN+++)
You do not regenerate when monsters are visible.
You are immune to unholy pain and torment.
You can survive without breathing.


Message History

The kobold hits you with a +0 dagger.
* * * LOW HITPOINT WARNING * * *
You hit the kobold.
You kill the kobold!
Things that are here:
a +0 dagger; a kobold corpse
c - a +0 dagger A kobold comes into view.
The kobold shouts!
The kobold throws a stone.
The stone hits you.
* * * LOW HITPOINT WARNING * * *
You see here a stone.
A leopard gecko comes into view.
The leopard gecko hisses angrily.
The kobold throws a stone.
The stone closely misses you.
The leopard gecko moves out of view.
The kobold throws a stone.
The stone barely misses you.
A goblin comes into view. It is wielding a +0 club.
The goblin barely misses you. The kobold hits you.
You die...

#####†#####.....#.#####
#.## ##♣.♣.♣.......
#..# #..((........ ##.#
#..♣l♣....... ###.##
#..(......... ###..##
#............ '..###
#....[....... ####
#............ '..###
#....@K....# ###..##
#....g.....# ###.##
#..........# ##.#
#.............# ###
#.............#
#.............#
#.............#
#.............#


You could see a leopard gecko, a goblin and a kobold.

Vanquished Creatures
  A bat (D:1)
  A giant cockroach (D:1)
  A goblin (D:1)
  A kobold (D:1)
  A rat (D:1)
5 creatures vanquished.

Notes
Turn   | Place    | Note
-------+----------+-------------------------------------------
     0 | D:1      | Matudinoluver the Ghoul Warper began the quest for the Orb.
     0 | D:1      | Reached XP level 1. HP: 17/17 MP: 2/2
    57 | D:1      | Reached skill level 1 in Throwing
   102 | D:1      | Slain by a kobold

Illustrated notes

Levels and vault maps discovered:
D:1:      dpeg_arrival_radiant, layout_basic, serial_forest,
          infiniplex_forest_zigzag_1, infiniplex_forest_lined_3,
          infiniplex_forest_lined_1, infiniplex_forest_corner_1,
          infiniplex_forest_lined_ring, infiniplex_forest_lined_corner,
          infiniplex_forest_lined_ring, infiniplex_forest_lined_room_2,
          infiniplex_forest_clump_tiny

Skill      XL: |  1 |
---------------+----+-----
Throwing       | 1 |  1.1
Fighting       | |  2.3
Polearms       | |  1.7
Armour         | |  0.8
Dodging        | |  1.7
Spellcasting   | |  1.9
Translocations | |  2.7

Action                   || total
-------------------------++-------
Melee: Spear             ||    17
Throw: Boomerang         ||     2
Armor: Leather armour    ||     6
Dodge: Dodged            ||    16

Table legend: (Time is in decaauts)
 A = Elapsed time spent in this place.
 B = Non-inter-level travel time spent in this place.
 C = Inter-level travel time spent in this place.
 D = Time resting spent in this place.
 E = Time spent auto-exploring this place.
 F = Levels seen in this place.
 G = Mean time per level.
                   A        B        C        D        E       F      G
               +--------+--------+--------+--------+--------+-----+--------+
         Total |    102 |     85 |     17 |      0 |      0 |   1 |  102.0 |
       Dungeon |    102 |     85 |     17 |      0 |      0 |   1 |  102.0 |
               +--------+--------+--------+--------+--------+-----+--------+

Top non-repeatable levels by time:
     D:1: 102 daAuts
